 Dungeon Crawl Stone Soup version 0.28.0-53-g5a82cb258f (webtiles) character file.

Game seed: 7106504384549706914

7 Peloso the Skirmisher (level 1, -2/20 HPs)
             Began as a Minotaur Fighter on May 21, 2022.
             Frozen to death by an endoplasm (4 damage)
             ... on level 1 of the Dungeon.
             The game lasted 00:00:20 (120 turns).

Peloso the Skirmisher (Minotaur Fighter)             Turns: 120, Time: 00:00:20

Health: -2/20      AC:  9    Str: 20    XL:     1   Next: 91%
Magic:  0/0        EV:  7    Int:  5    God:
Gold:   32         SH:  4    Dex:  9    Spells: 0/0 levels left

rFire   . . .      SeeInvis .   a - +0 long sword
rCold   . . .      Faith    .   c - +0 buckler
rNeg    . . .      Spirit   .   f - +0 chain mail
rPois   .          Reflect  .   (helmet restricted)
rElec   .          Harm     .   (no cloak)
rCorr   .          Rampage  .   (no gloves)
Will    .....                   (no boots)
Stlth   ..........              (no amulet)
HPRegen 0.06/turn               (no ring)
MPRegen 0.07/turn               (no ring)

@: no status effects
A: horns 2, retaliatory headbutt
a: no special abilities


You were on level 1 of the Dungeon.
You visited 1 branch of the dungeon, and saw 1 of its levels.

You collected 32 gold pieces.

Inventory:

Hand Weapons
 a - a +0 long sword (weapon)
Armour
 b - a +0 scale mail
 c - a +0 buckler (worn)
 f - a +0 chain mail (worn)
Scrolls
 e - a scroll of enchant armour {unknown}
 g - a scroll of magic mapping {unknown}
Potions
 d - a potion of might


   Skills:
 + Level 4.0 Fighting
 + Level 2.5 Long Blades
 + Level 3.7 Armour
 + Level 3.7 Shields


You couldn't memorise any spells.
You didn't know any spells.
Your spell library contained the following spells:

 Spells                   Type           Power      Damage    Failure   Level
 Confusing Touch          Hex            0%         N/A       100%        3
 Yara's Violent Unravell  Hex/Tmut       0%         3d3       100%        5
 Enfeeble                 Hex            0%         N/A       100%        7


Dungeon Overview and Level Annotations

Branches:
Dungeon (1/15)

Altars:


Innate Abilities, Weirdness & Mutations

You have a pair of horns on your head.
You reflexively headbutt those who attack you in melee.


Message History

The goblin hits you with a +0 dagger.
Unknown command.
You hit the goblin. Your headbutt misses the goblin.
The goblin is moderately wounded.
The goblin hits you but does no damage. The rat bites you but does no damage.
A goblin comes into view. It is wielding a +0 club.
The quokka bites you but does no damage.
The goblin hits you but does no damage.
The goblin shouts!
You slash the goblin!
You kill the goblin!
The rat barely misses you. You furiously retaliate!
You headbutt the rat.
You kill the rat!
The endoplasm freezes you.
You are frozen.
The quokka bites you but does no damage.
You closely miss the quokka.
The quokka bites you but does no damage.
The endoplasm freezes you.
You are frozen.
The quokka bites you.
The endoplasm hits you but does no damage.
You hit the quokka.
You kill the quokka!
The endoplasm freezes you.
You are frozen.
The goblin closely misses you.
Your Fighting skill increases to level 4!
You see here a quokka corpse.
Unknown command.
You completely miss the goblin. Your headbutt misses the goblin.
The endoplasm hits you but does no damage.
The goblin hits you but does no damage.
You barely miss the goblin. Your headbutt misses the goblin.
The endoplasm freezes you.
You are frozen.
* * * LOW HITPOINT WARNING * * *
The goblin hits you but does no damage.
You barely miss the goblin. The endoplasm freezes you.
You are frozen.
You die...

.. ........ ## ...####.#..
#.#########.. ............
............###....##......
......#.##.................
.....)............####.....
........##........ ##......
........##........ #.......
........#J@....... #.......
.......†gg.####### #.......
.........#..##### #.......
........###.....####.......
(...#......................
......#.###########........
#.#.#.#.# .......... #
#.#.... ............ .
..### #.####.).....


You could see an endoplasm and 2 goblins.

Vanquished Creatures
  2 bats (D:1)
  An endoplasm (D:1)
  A quokka (D:1)
  A goblin (D:1)
  3 rats (D:1)
8 creatures vanquished.

Notes
Turn   | Place    | Note
-------+----------+-------------------------------------------
     0 | D:1      | Peloso the Minotaur Fighter began the quest for the Orb.
     0 | D:1      | Reached XP level 1. HP: 19/19 MP: 0/0
   116 | D:1      | Reached skill level 4 in Fighting
   120 | D:1      | Frozen to death by an endoplasm

Illustrated notes

Levels and vault maps discovered:
D:1:      dpeg_arrival_leaves_temple_mockup, layout_rooms, columned_hall_lemuel,
          serial_bayou_crossing

Skill      XL: |  1 |
---------------+----+-----
Fighting       | 4 |  4.0
Long Blades    | |  2.5
Armour         | |  3.7
Shields        | |  3.7

Action                   || total
-------------------------++-------
Melee: Long sword        ||    15
       Headbutt          ||     1
Armor: Chain mail        ||    13
       Scale mail        ||     3
Dodge: Dodged            ||     4
Block: Buckler           ||     3
